TOP OF THE 1ST |
D.C. Divided batting - Pitching for Detroit Elite : LHP Miguel González
|
Pitching: LHP Miguel González
|
|
Batting: RHB Bob Olson
|
0-0: Bunted foul 0-1: SINGLE (Groundball, 6MD, EV 95.0 MPH)
|
Batting: RHB Cédric Dumas
|
0-0: Called Strike 0-1: Ball 1-1: Foul Ball, location: 2F 1-2: Foul Ball, location: 2F 1-2: Ball 2-2: Strikes out swinging
|
Batting: RHB Marvello Millon
|
0-0: Called Strike 0-1: Swinging Strike 0-2: Ball 1-2: Ball 2-2: Strikes out swinging
|
Batting: SHB Jae-woo Ohm
|
0-0: Ball 1-0: Ball 2-0: Ball 3-0: Base on Balls Bob Olson to second
|
Batting: RHB Jesús Vargas
|
0-0: Foul Ball, location: 2F 0-1: Called Strike 0-2: Ball 1-2: Ball 2-2: Foul Ball, location: 2F 2-2: Fielders Choice at 2nd, 4-6 (Groundball, 6M, EV 100.6 MPH)
|
Top of the 1st over - 0 runs, 1 hit, 0 errors, 2 left on base; D.C. 0 - Detroit 0 |
BOTTOM OF THE 1ST |
Detroit Elite batting - Pitching for D.C. Divided : RHP Maks Rajnev
|
Pitching: RHP Maks Rajnev
|
|
Batting: LHB Victor Fleming
|
0-0: Foul Ball, location: 2F 0-1: Foul Ball, location: 2F 0-2: Ball 1-2: DOUBLE (Popup, 56D, EV 41.2 MPH)
|
Batting: RHB Naomichi Kodo
|
0-0: SINGLE (Flyball, 78S, EV 98.1 MPH) Victor Fleming to third Runner from 3rd tries for Home, SAFE, throw by LF to home
|
Batting: LHB Mauro Quijano
|
0-0: Called Strike 0-1: Foul Ball, location: 2F 0-2: Ball 1-2: Foul Ball, location: 2F 1-2: DOUBLE (Line Drive, 89D, EV 100.6 MPH) Naomichi Kodo to third Runner from 3rd tries for Home, throw by CF and OUT! 8-4-2 Mauro Quijano to third
|
Batting: RHB Maikel de Braber
|
0-0: Ball 1-0: Swinging Strike 1-1: Ball 2-1: Ball 3-1: Called Strike 3-2: Foul Ball, location: 2F 3-2: Fly out, F9 (Flyball, 9D, EV 101.2 MPH) Runner from 3rd tags up, SCORES, no throw by RF
|
Batting: LHB Colm Lithgoe
|
0-0: Fly out, F8 (Line Drive, 8RS, EV 85.6 MPH)
|
Bottom of the 1st over - 2 runs, 3 hits, 0 errors, 0 left on base; D.C. 0 - Detroit 2 |
TOP OF THE 2ND |
D.C. Divided batting - Pitching for Detroit Elite : LHP Miguel González
|
Batting: RHB Benigno Bachelay
|
0-0: Called Strike 0-1: Foul Ball, location: 2F 0-2: Strikes out looking
|
Batting: RHB Miguel Angel Criado
|
0-0: Ball 1-0: Ball 2-0: Called Strike 2-1: Ball 3-1: Fly out, F3 (Line Drive, 34, EV 65.6 MPH)
|
Batting: LHB Mo Baring
|
0-0: Ball 1-0: Called Strike 1-1: Ball 2-1: Foul Ball, location: 2F 2-2: Foul Ball, location: 2F 2-2: Strikes out swinging
|
Top of the 2nd over - 0 runs, 0 hits, 0 errors, 0 left on base; D.C. 0 - Detroit 2 |
BOTTOM OF THE 2ND |
Detroit Elite batting - Pitching for D.C. Divided : RHP Maks Rajnev
|
Batting: RHB Romain Picot
|
0-0: Swinging Strike 0-1: Ball 1-1: Foul Ball, location: 2F 1-2: Foul Ball, location: 2F 1-2: SOLO HOME RUN (Flyball, 9D, EV 99.4 MPH), Distance : 377 ft
|
Batting: RHB Rob Robinson
|
0-0: Called Strike 0-1: Ball 1-1: Ball 2-1: Foul Ball, location: 2F 2-2: Strikes out swinging
|
Batting: RHB Otiz Ranchéz
|
0-0: Foul Ball, location: 2F 0-1: Ground out 6-3 (Groundball, 6MD, EV 89.4 MPH)
|
Batting: SHB Ralph Titus
|
0-0: Called Strike 0-1: Ball 1-1: Foul Ball, location: 2F 1-2: Ball 2-2: Ground out 4-3 (Groundball, 4, EV 106.2 MPH)
|
Bottom of the 2nd over - 1 run, 1 hit, 0 errors, 0 left on base; D.C. 0 - Detroit 3 |
TOP OF THE 3RD |
D.C. Divided batting - Pitching for Detroit Elite : LHP Miguel González
|
Batting: RHB Eloi Hanai
|
0-0: Ball 1-0: Ball 2-0: Fly out, F9 (Flyball, 9, EV 89.4 MPH)
|
Batting: RHB Bob Olson
|
0-0: Ball 1-0: SINGLE (Groundball, 6MD, EV 101.2 MPH)
|
Batting: RHB Cédric Dumas
|
0-0: Ball 1-0: Ball 2-0: Swinging Strike 2-1: Foul Ball, location: 2F 2-2: Foul Ball, location: 2F 2-2: Strikes out swinging
|
Pitching: LHP Dong-choon Yi
|
|
Batting: RHB Marvello Millon
|
0-0: Ball 1-0: Ball 2-0: Called Strike 2-1: Called Strike 2-2: Fly out, F3 (Popup, 34S, EV 86.2 MPH)
|
Top of the 3rd over - 0 runs, 1 hit, 0 errors, 1 left on base; D.C. 0 - Detroit 3 |
BOTTOM OF THE 3RD |
Detroit Elite batting - Pitching for D.C. Divided : RHP Maks Rajnev
|
Batting: LHB Victor Fleming
|
0-0: Called Strike 0-1: Ball 1-1: Ball 2-1: Swinging Strike 2-2: Ball 3-2: Ground out U3 (Groundball, 3L, EV 88.1 MPH)
|
Batting: RHB Naomichi Kodo
|
0-0: Called Strike 0-1: Ball 1-1: Fly out, F4 (Popup, 34D, EV 56.9 MPH)
|
Batting: LHB Mauro Quijano
|
0-0: Ball 1-0: Ball 2-0: Ground out 4-3 (Groundball, 4, EV 90.0 MPH)
|
Bottom of the 3rd over - 0 runs, 0 hits, 0 errors, 0 left on base; D.C. 0 - Detroit 3 |
TOP OF THE 4TH |
D.C. Divided batting - Pitching for Detroit Elite : LHP Dong-choon Yi
|
Batting: SHB Jae-woo Ohm
|
0-0: SINGLE (Line Drive, 78S, EV 103.8 MPH)
|
Batting: RHB Jesús Vargas
|
0-0: Ball 1-0: Ball 2-0: Called Strike 2-1: Swinging Strike 2-2: Foul Ball, location: 2F 2-2: Fly out, F8 (Line Drive, 8RM, EV 85.0 MPH)
|
Batting: RHB Benigno Bachelay
|
0-0: Foul Ball, location: 2F 0-1: Ball 1-1: Foul Ball, location: 2F 1-2: Ground out 4-3 (Groundball, 34, EV 83.1 MPH) Jae-woo Ohm to second
|
Batting: RHB Miguel Angel Criado
|
0-0: Ball 1-0: Called Strike 1-1: DOUBLE (Groundball, 5L, EV 101.2 MPH) Jae-woo Ohm scores
|
Batting: LHB Mo Baring
|
0-0: Foul Ball, location: 2F 0-1: Foul Ball, location: 2F 0-2: Ball 1-2: SINGLE (Groundball, 4MD, EV 108.1 MPH) (infield hit) Miguel Angel Criado to third
|
Batting: RHB Eloi Hanai
|
0-0: Ball 1-0: Fielders Choice at 2nd, 5-4 (Groundball, 5, EV 87.5 MPH)
|
Top of the 4th over - 1 run, 3 hits, 0 errors, 2 left on base; D.C. 1 - Detroit 3 |
BOTTOM OF THE 4TH |
Detroit Elite batting - Pitching for D.C. Divided : RHP Maks Rajnev
|
Batting: RHB Maikel de Braber
|
0-0: Swinging Strike 0-1: Called Strike 0-2: Strikes out looking
|
Batting: LHB Colm Lithgoe
|
0-0: Ball 1-0: Ball 2-0: Ground out 6-3 (Groundball, 6, EV 81.2 MPH)
|
Batting: RHB Romain Picot
|
0-0: Foul Ball, location: 2F 0-1: Hit by Pitch
|
Batting: RHB Rob Robinson
|
0-0: Ball 1-0: Fielders Choice at 2nd, 6-4 (Groundball, 6, EV 106.9 MPH)
|
Bottom of the 4th over - 0 runs, 0 hits, 0 errors, 1 left on base; D.C. 1 - Detroit 3 |
TOP OF THE 5TH |
D.C. Divided batting - Pitching for Detroit Elite : LHP Dong-choon Yi
|
Pitching: LHP Jim Hicks
|
|
Pinch Hitting: LHB Russell Corfield
|
0-0: Ball 1-0: Foul Ball, location: 2F 1-1: Ball 2-1: Swinging Strike 2-2: Strikes out looking
|
Pinch Hitting: RHB Karel van Capelle
|
0-0: Called Strike 0-1: Ball 1-1: Swinging Strike 1-2: Ball 2-2: Foul Ball, location: 2F 2-2: Strikes out swinging
|
Batting: RHB Marvello Millon
|
0-0: Ball 1-0: Ball 2-0: Ball 3-0: Base on Balls
|
Batting: SHB Osvaldo Ardiles
|
0-0: Ball Wild Pitch! Marvello Millon to second 1-0: Fly out, F7 (Flyball, 7, EV 86.9 MPH)
|
Top of the 5th over - 0 runs, 0 hits, 0 errors, 1 left on base; D.C. 1 - Detroit 3 |
BOTTOM OF THE 5TH |
Detroit Elite batting - Pitching for D.C. Divided : RHP Maks Rajnev
|
Now at C: William Berg
|
|
Now at SS: Karel van Capelle
|
|
Now in CF: Russell Corfield
|
|
Batting: RHB Otiz Ranchéz
|
0-0: Called Strike 0-1: Foul Ball, location: 2F 0-2: SINGLE (Groundball, 6MD, EV 95.0 MPH)
|
Batting: SHB Ralph Titus
|
0-0: Ball 1-0: Fielders Choice at 2nd, 6-4 (Groundball, 6, EV 92.5 MPH)
|
Pinch Hitting: LHB Octávio Cruz
|
0-0: Ball 1-0: Called Strike 1-1: Called Strike 1-2: Fly out, F9 (Flyball, 9D, EV 101.2 MPH)
|
Batting: RHB Naomichi Kodo
|
0-0: Ball 1-0: Ball 2-0: Ball 3-0: Base on Balls Ralph Titus to second
|
Batting: LHB Mauro Quijano
|
0-0: 3-RUN HOME RUN (Flyball, 9LD, EV 94.4 MPH), Distance : 334 ft
|
Pitching: LHP Modeste Azagba
|
|
Batting: RHB Maikel de Braber
|
0-0: Ball 1-0: Ball 2-0: Foul Ball, location: 2F 2-1: Ball 3-1: Base on Balls
|
Pinch Hitting: RHB Larry Cook
|
0-0: Swinging Strike 0-1: Ball 1-1: Foul Ball, location: 2F 1-2: SINGLE (Groundball, 56D, EV 106.9 MPH) Maikel de Braber to second
|
Batting: RHB Romain Picot
|
0-0: Ball 1-0: Fly out, F8 (Flyball, 8LM, EV 92.5 MPH)
|
Bottom of the 5th over - 3 runs, 3 hits, 0 errors, 2 left on base; D.C. 1 - Detroit 6 |
TOP OF THE 6TH |
D.C. Divided batting - Pitching for Detroit Elite : LHP Jim Hicks
|
Pitching: LHP Dennis Henry
|
|
Now in LF: Octávio Cruz
|
|
Now in CF: Larry Cook
|
|
Batting: RHB William Berg
|
0-0: Ball 1-0: Ball 2-0: Called Strike 2-1: Fly out, F9 (Line Drive, 89S, EV 99.4 MPH)
|
Pinch Hitting: RHB Santiago García
|
0-0: Called Strike 0-1: Ball 1-1: Called Strike 1-2: Fly out, F3 (Popup, 3SF, EV 70.0 MPH)
|
Pinch Hitting: RHB Banu Judham
|
0-0: Called Strike 0-1: Ball 1-1: Ball 2-1: Foul Ball, location: 2F 2-2: Strikes out looking
|
Top of the 6th over - 0 runs, 0 hits, 0 errors, 0 left on base; D.C. 1 - Detroit 6 |
BOTTOM OF THE 6TH |
Detroit Elite batting - Pitching for D.C. Divided : LHP Modeste Azagba
|
Pitching: LHP Augusto Rey
|
|
Now at 2B: Santiago García
|
|
Now at 3B: Jim Kelley
|
|
Now in RF: Banu Judham
|
|
Batting: RHB Rob Robinson
|
0-0: DOUBLE (Line Drive, 7LM, EV 96.2 MPH)
|
Batting: RHB Otiz Ranchéz
|
0-0: SINGLE (Groundball, 6MD, EV 96.2 MPH) Rob Robinson to third Runner from 3rd tries for Home, SAFE, throw by CF to home
|
Batting: SHB Ralph Titus
|
0-0: Called Strike 0-1: Grounds into double play, 5-4-3 (Groundball, 56S, EV 85.0 MPH)
|
Batting: LHB Octávio Cruz
|
0-0: Called Strike 0-1: Called Strike 0-2: Strikes out swinging
|
Bottom of the 6th over - 1 run, 2 hits, 0 errors, 0 left on base; D.C. 1 - Detroit 7 |
TOP OF THE 7TH |
D.C. Divided batting - Pitching for Detroit Elite : LHP Dennis Henry
|
Pinch Hitting: RHB Amor Campos
|
0-0: Ball 1-0: SINGLE (Flyball, 8LS, EV 97.5 MPH)
|
Batting: RHB Jim Kelley
|
0-0: Ball 1-0: Called Strike 1-1: Fly out, F8 (Flyball, 78D, EV 105.6 MPH)
|
Batting: LHB Russell Corfield
|
0-0: Ball 1-0: Swinging Strike 1-1: Foul Ball, location: 2F 1-2: Ball 2-2: Foul Ball, location: 2F 2-2: Strikes out swinging
|
Batting: RHB Karel van Capelle
|
0-0: Swinging Strike 0-1: Foul Ball, location: 2F 0-2: Ball 1-2: Ball 2-2: Ball 3-2: Foul Ball, location: 2F 3-2: Base on Balls Amor Campos to second
|
Pinch Hitting: RHB Kerry Carcia
|
0-0: Ball 1-0: Ball 2-0: Swinging Strike 2-1: Swinging Strike 2-2: Foul Ball, location: 2F 2-2: Ball 3-2: Strikes out swinging
|
Top of the 7th over - 0 runs, 1 hit, 0 errors, 2 left on base; D.C. 1 - Detroit 7 |
BOTTOM OF THE 7TH |
Detroit Elite batting - Pitching for D.C. Divided : LHP Augusto Rey
|
Pitching: RHP Stanford Thompson
|
|
Now at 1B: Kerry Carcia
|
|
Now in LF: Amor Campos
|
|
Batting: RHB Naomichi Kodo
|
0-0: Ball 1-0: Swinging Strike 1-1: Foul Ball, location: 2F 1-2: Foul Ball, location: 2F 1-2: Ball 2-2: Foul Ball, location: 2F 2-2: SOLO HOME RUN (Flyball, 78XD, EV 106.2 MPH), Distance : 407 ft
|
Batting: LHB Mauro Quijano
|
0-0: Called Strike 0-1: Ball 1-1: Swinging Strike 1-2: Ball 2-2: Strikes out swinging
|
Batting: RHB Maikel de Braber
|
0-0: Called Strike 0-1: Foul Ball, location: 2F 0-2: Strikes out swinging
|
Batting: RHB Larry Cook
|
0-0: Ball 1-0: Swinging Strike 1-1: Ball 2-1: Fly out, F9 (Flyball, 9LM, EV 93.1 MPH)
|
Bottom of the 7th over - 1 run, 1 hit, 0 errors, 0 left on base; D.C. 1 - Detroit 8 |
TOP OF THE 8TH |
D.C. Divided batting - Pitching for Detroit Elite : LHP Dennis Henry
|
Pitching: RHP Gypsyamber D'Souza
|
|
Batting: SHB Osvaldo Ardiles
|
0-0: Foul Ball, location: 2F 0-1: Ball 1-1: Swinging Strike 1-2: Foul Ball, location: 2F 1-2: Ball 2-2: Ball 3-2: Strikes out swinging, 2-3 out at first.
|
Batting: RHB William Berg
|
0-0: Foul Ball, location: 2F 0-1: SINGLE (Groundball, P, EV 85.6 MPH) (infield hit)
|
Batting: RHB Santiago García
|
0-0: Swinging Strike 0-1: Ball 1-1: Ball 2-1: Foul Ball, location: 2F 2-2: Ball 3-2: Base on Balls William Berg to second
|
Batting: RHB Banu Judham
|
0-0: Called Strike 0-1: Ball 1-1: Ball 2-1: Called Strike 2-2: Foul Ball, location: 2F 2-2: Foul Ball, location: 2F 2-2: Fly out, F1 (Line Drive, P, EV 71.9 MPH)
|
Batting: RHB Amor Campos
|
0-0: Ball 1-0: Foul Ball, location: 2F 1-1: Ball 2-1: Ball 3-1: Fly out, F8 (Flyball, 78M, EV 86.2 MPH)
|
Top of the 8th over - 0 runs, 1 hit, 0 errors, 2 left on base; D.C. 1 - Detroit 8 |
BOTTOM OF THE 8TH |
Detroit Elite batting - Pitching for D.C. Divided : RHP Stanford Thompson
|
Pitching: RHP William Turner
|
|
Batting: RHB Romain Picot
|
0-0: Called Strike 0-1: Ball 1-1: Swinging Strike 1-2: Ball 2-2: Ball 3-2: SINGLE (Line Drive, 89M, EV 93.8 MPH)
|
Batting: RHB Rob Robinson
|
0-0: Called Strike 0-1: Called Strike 0-2: Ball 1-2: Foul Ball, location: 2F 1-2: Ball 2-2: Ball 3-2: Strikes out swinging
|
Batting: RHB Otiz Ranchéz
|
0-0: Ball 1-0: Ball 2-0: Ball 3-0: Base on Balls Romain Picot to second
|
Batting: SHB Ralph Titus
|
0-0: Ball 1-0: Called Strike 1-1: SINGLE (Groundball, P, EV 83.8 MPH) (infield hit) Romain Picot to third Otiz Ranchéz to second
|
Batting: LHB Octávio Cruz
|
0-0: Called Strike 0-1: Ball 1-1: Foul Ball, location: 2F 1-2: Fielders Choice at 2nd, 6-4 (Groundball, 6S, EV 83.8 MPH) Romain Picot scores Otiz Ranchéz to third
|
Batting: RHB Naomichi Kodo
|
0-0: Fly out, F8 (Flyball, 8RM, EV 71.9 MPH)
|
Bottom of the 8th over - 1 run, 2 hits, 0 errors, 2 left on base; D.C. 1 - Detroit 9 |
TOP OF THE 9TH |
D.C. Divided batting - Pitching for Detroit Elite : RHP Gypsyamber D'Souza
|
Pitching: RHP Victor Brown
|
|
Batting: RHB Jim Kelley
|
0-0: Ball 1-0: Called Strike 1-1: Called Strike 1-2: Ground out 6-3 (Groundball, 6S, EV 68.8 MPH)
|
Batting: LHB Russell Corfield
|
0-0: Ball 1-0: Ball 2-0: Called Strike 2-1: Swinging Strike 2-2: SINGLE (Groundball, 34D, EV 97.5 MPH)
|
Batting: RHB Karel van Capelle
|
0-0: Ball 1-0: Foul Ball, location: 2F 1-1: Grounds into double play, 6-4-3 (Groundball, 6, EV 86.9 MPH)
|
Top of the 9th over - 0 runs, 1 hit, 0 errors, 0 left on base; D.C. 1 - Detroit 9 |
|